Get step-by-step instructions on how to execute this build order below. Start the game timer, and the build order will tick by so you can play in parallel with StarCraft on a second screen or mobile device.

Game Time

  0:00

Last Step

  N/A

Next Step

Upcoming Step



Don't want to look back and forth between 2 screens? Try out our Overwolf App, the Spawning Tool Build Advisor to get an in-game overlay with this build!

Complete Build Order

  12  0:00  Drone  
  13  0:12  Overlord  
  13  0:16  Drone  
  14  0:30  Drone x2  
  14  0:34  Drone  
  17  0:52  Hatchery  
  17  0:54  Drone  
  17  0:57  Drone  
  18  1:06  Drone  
  18  1:09  Extractor  
  18  1:15  Spawning Pool  
  17  1:18  Drone  
  18  1:27  Drone  
  19  1:39  Drone  
  20  1:50  Drone  
  21  2:00  Overlord  
  21  2:03  Queen x2  
  21  2:04  Drone  
  26  2:11  Zergling x2  
  26  2:12  Metabolic Boost  
  26  2:14  Zergling x2  
  28  2:21  Drone  
  29  2:25  Zergling x2  
  30  2:32  Drone  
  31  2:38  Drone  
  31  2:39  Queen  
  34  2:45  Hatchery  
  34  2:49  Overlord  
  33  2:52  Drone  
  33  2:57  Overlord  
  34  2:59  Drone  
  35  3:07  Queen  
  37  3:13  Drone  
  37  3:15  Drone x3  
  37  3:17  Zergling x2  
  42  3:21  Queen  
  42  3:26  Overlord  
  44  3:30  Drone x2  
  46  3:36  Overlord  
  46  3:44  Queen  
  48  3:50  Zergling x8  
  48  3:54  Drone x4  
  56  4:02  Queen  
  58  4:05  Drone  
  58  4:07  Spore Crawler  
  58  4:08  Drone x3  
  61  4:14  Drone x2  
  61  4:17  Overlord  
  62  4:19  Overlord  
  61  4:24  Evolution Chamber  
  61  4:27  Overlord  
  61  4:30  Overlord  
  59  4:32  Overlord  
  59  4:36  Drone x3  
  62  4:40  Drone x2  
  62  4:42  Drone x2  
  66  4:49  Drone x2  
  66  4:50  Zerg Melee Weapons Level 1  
  68  4:56  Zergling x4  
  68  4:57  Zergling x2  
  68  4:58  Drone  
  68  4:59  Drone  
  73  5:01  Drone  
  73  5:05  Drone x2  
  73  5:06  Drone x2  
  78  5:09  Drone x3  
  81  5:14  Roach Warren  
  81  5:18  Lair  
  81  5:19  Drone x3  
  83  5:22  Drone x2  
  83  5:26  Drone  
  83  5:27  Drone x3  
  86  5:33  Drone x2  
  86  5:34  Drone  
  87  5:35  Drone  
  87  5:37  Extractor x2, Drone x3  
  87  5:38  Drone  
  87  5:39  Drone  
  87  5:41  Extractor x2  
  87  5:51  Zergling x10  
  87  5:54  Spore Crawler x2  
  90  5:58  Overlord  
  90  5:59  Hatchery  
  90  6:01  Overlord  
  90  6:04  Overlord  
  89  6:07  Zergling x14  
  96  6:16  Baneling Nest  
  96  6:17  Zergling x6  
  97  6:22  Drone  
  97  6:23  Zergling x4  
  97  6:24  Hydralisk Den  
  98  6:26  Zergling x2  
  98  6:28  Overlord  
  98  6:31  Roach x4  
  107  6:39  Hatchery  
  109  6:40  Roach x3  
  109  6:42  Glial Reconstitution  
  109  6:46  Roach x4  
  120  6:49  Roach  
  120  6:51  Zerg Melee Weapons Level 2, Ravager  
  123  6:58  Roach x3  
  126  7:04  Overlord  
  126  7:06  Ravager  
  126  7:11  Overlord x3  
  126  7:15  Overlord  
  126  7:18  Overlord x2  
  126  7:22  Hatchery  
  125  7:24  Roach x4  
  125  7:28  Roach x3  
  138  7:31  Overlord  
  138  7:33  Overlord  
  137  7:37  Roach x3  
  137  7:43  Centrifugal Hooks  
  143  7:46  Overlord x2  
  143  7:55  Roach x6  
  155  7:59  Ravager x2  
  156  8:09  Baneling x3  
  156  8:10  Baneling x8  
  156  8:12  Zergling x16  
  164  8:16  Zergling x6  
  167  8:22  Baneling x7  
  167  8:25  Zergling x6  
  167  8:26  Zergling x4  
  170  8:32  Roach x4  
  150  8:39  Roach x4  
  140  8:42  Roach x2  
  140  8:47  Roach x2  
  128  8:50  Roach x3  
  129  8:56  Roach x3  
  129  9:02  Roach x4  
  141  9:04  Drone x2  
  141  9:07  Extractor  
  141  9:12  Baneling x3  
  141  9:13  Zergling x10  
  141  9:16  Zergling x6  
  149  9:20  Zergling x2  
  149  9:21  Zergling x4  
  152  9:25  Zergling x8  
  156  9:33  Zergling x12  
  156  9:34  Zergling x2  
  163  9:39  Zergling x4  
  163  9:40  Baneling x8  
  163  9:41  Baneling x2  
  163  9:44  Spore Crawler  
  164  9:46  Zergling x4  
  164  9:51  Baneling x10  
  166  9:56  Zergling x8  
  170  10:00  Zergling x8  
  170  10:01  Baneling x2  
  170  10:03  Ravager  
  170  10:04  Ravager  
  176  10:08  Zergling x8  
  180  10:20  Zergling x12